 Dungeon Crawl Stone Soup version 0.30-b1-2-g02819fbbbe (webtiles) character file.

Game seed: 16267609852132515660

11694 Borgoz the Carver (level 11, -8/71 HPs)
             Began as a Gargoyle Berserker on June 16, 2023.
             Was an Elder of Trog.
             Mangled by an ogre
             ... wielding a +0 giant club
             ... led by Lodul
              (19 damage)
             ... on level 11 of the Dungeon.
             The game lasted 00:26:12 (11305 turns).

Borgoz the Carver (Gargoyle Berserker)             Turns: 11305, Time: 00:26:12

Health: -8/71      AC: 23    Str: 21    XL:     11   Next: 81%
Magic:  11/11      EV: 15    Int:  8    God:    Trog [****..]
Gold:   374        SH:  0    Dex: 19    Spells: 10/10 levels left

rFire   + . .        E - +4 great sword
rCold   . . .        (shield currently unavailable)
rNeg    + . .        F - +2 ring mail {rC+}
rPois   ∞            (no helmet)
rElec   +            b - +2 cloak {rCorr}
rCorr   +            D - +0 pair of gloves "Vetwiur" {Harm rCorr Slay+2}
SInv    +            L - +0 pair of boots {Fly}
Will    .....        t - amulet of the acrobat Stlth
                     h - ring of Jucug {Fire rCorr SInv Stlth-}
HPRegen 0.31/turn    q - +6 ring of dexterity
MPRegen 0.12/turn

%: harm (+30% outgoing, +20% incoming), acrobat
@: on berserk cooldown, flying, slowed, very slow
A: sickness immunity, AC +8, negative energy resistance 1, electricity
resistance, torment resistance 1, petrification resistance
a: Renounce Religion, Berserk, Trog's Hand, Brothers in Arms


You were on level 11 of the Dungeon.
You worshipped Trog.
Trog was greatly pleased with you.
You visited 2 branches of the dungeon, and saw 12 of its levels.
You also visited: Ossuary.

You collected 908 gold pieces.
You spent 534 gold pieces at shops.

Inventory:

Hand Weapons
 E - a +4 great sword (weapon)
Missiles
 a - 4 throwing nets (quivered)
 R - 7 poisoned darts
Armour
 b - a +2 cloak of preservation (worn)
 e - a scarf of harm
 r - a +0 kite shield
 D - the +0 pair of gloves "Vetwiur" (worn) {Harm rCorr Slay+2}
   (You bought it in a shop on level 1 of the Dungeon)

   Slay:      It affects your accuracy & damage with ranged weapons and melee
   (+2).
   rCorr:     It protects you from acid and corrosion.
   Harm:      It increases damage dealt and taken.
 F - a +2 ring mail of cold resistance (worn)
 L - a +0 pair of boots of flying (worn)
 O - +0 acid dragon scales
 P - a +0 troll leather armour
Jewellery
 f - a ring of ice
 h - the ring of Jucug (left hand) {Fire rCorr SInv Stlth-}
   (You found it on level 7 of the Dungeon)

   [ring of fire]

   It enhances your fire magic.
   rF:        It protects you from fire.
   rC:        It makes you vulnerable to cold.
   SInv:      It lets you see invisible.
   rCorr:     It protects you from acid and corrosion.
   Stlth:     It makes you less stealthy.
 q - a +6 ring of dexterity (right hand)
 s - a ring of protection from fire
 t - an amulet of the acrobat (around neck)
 Q - an amulet of magic regeneration
Wands
 j - a wand of digging (6)
 u - a wand of acid (2)
 A - a wand of flame (22)
 G - a wand of paralysis (10)
 I - a wand of mindburst (14)
Scrolls
 d - a scroll of silence
 i - 2 scrolls of fear {unknown}
 n - 2 scrolls of brand weapon {unknown}
 w - 3 scrolls of fog
 z - a scroll of magic mapping
 B - 4 scrolls of teleportation
 C - 3 scrolls of blinking
 M - a scroll of butterflies
Potions
 c - a potion of heal wounds
 g - 2 potions of resistance
 k - 3 potions of mutation
 m - a potion of might
 o - 4 potions of flight
 p - 3 potions of attraction
 x - 2 potions of cancellation
 J - 2 potions of curing
 N - a potion of berserk rage {unknown}


   Skills:
 + Level 9.3 Fighting
 * Level 9.9 Long Blades
 + Level 9.1 Armour
 + Level 6.8 Dodging
 + Level 7.6 Shields


You had 10 spell levels left.
You didn't know any spells.
Your spell library was empty.

Dungeon Overview and Level Annotations

Branches:
Dungeon (11/15)            Temple (1/1) D:7             Orc (0/2) D:10
Ossuary (visited)
   Lair: D:8-11

Altars:
Ashenzari
Cheibriados
Dithmenos
Elyvilon
Fedhas
Gozag
Hepliaklqana
Kikubaaqudgha
Makhleb
Nemelex Xobeh
Okawaru
Qazlal
Ru
Sif Muna
Trog
Uskayaw
Vehumet
Wu Jian
Xom
Yredelemnul
Zin
The Shining One

Shops:
D:1 [   D:4 [(   D:7 (   D:10 *


Innate Abilities, Weirdness & Mutations

You are immune to sickness and miasma.
Your stone body is resilient. (AC +8)
You are immune to poison.
You resist negative energy. (rN+)
You are resistant to electric shocks. (rElec)
You are resistant to unholy torment.
You are immune to petrification.


Message History

You slice the ogre!!
The ogre is almost dead.
The ogre completely misses you.
You barely miss the ogre.
The ogre is almost dead.
You closely miss the ogre.
The ogre is almost dead.
The ogre misses you.
You slice the ogre!!
You kill the ogre!
Trog accepts your kill.
Things that are here:
a +0 giant club; a +0 giant club You feel a strong urge to attack something.
You start resting.
You feel your anger nearly subside.
You are no longer berserk.
You are exhausted.
You feel yourself slow down.
There is a stone staircase leading down here.
You start resting.
An ogre comes into view. It is wielding a +0 giant club.
An ogre is nearby!
An ogre comes into view. It is wielding a +0 giant club.
The ogre shouts!
You hear a shout! x2
The ogre closely misses you.
You slash the ogre!
The ogre is heavily wounded.
The ogre hits you with a +0 giant club!
* * * LOW HITPOINT WARNING * * *
An ogre comes into view. It is wielding a +0 giant club.
You slash the ogre!
You kill the ogre!
Trog accepts your kill. The ogre closely misses you.
You fail to use your ability.
The ogre completely misses you.
An ogre comes into view. It is wielding a +0 giant club.
Your ogre goes berserk!
Trog will no longer gift you weapons. The ogre hits you with a +0 giant club!
You die...

...........###.......?..
.............#..........
...........#.#..........
...<.....>.#)#..........
#.##########............
#†..# ###..........
###†# #.......... #.#
##)######## #.#
#O@O)O.O.# #+#
########.#


You could see 3 ogres and a friendly ogre (summoned, berserk).

Vanquished Creatures
  3 two-headed ogres
  The ghost of Thantalas the Grappler, a novice TrFi (D:7)
  Lodul (D:11)
  Pikel (D:5)
  A troll (D:9)
  A shadow (D:9)
  A wraith (D:10)
  12 yaks
  3 vampire mosquitoes (D:10)
  An acid dragon (D:9)
  4 water moccasins
  4 orc warriors
  3 ice beasts
  A sky beast (D:7)
  5 ogres
  4 centaurs
  2 kobold brigands
  3 phantoms
  3 bullfrogs
  4 scorpions
  2 gnoll sergeants
  7 wights (D:6)
  15 killer bees
  6 howler monkeys
  2 wyvern simulacra (D:7)
  6 hounds
  2 jellies (D:4)
  Crazy Yiuf (D:5)
  A gnoll bouda (D:8)
  12 orc priests
  Jessica (D:2)
  A sleepcap (D:5)
  3 iguanas
  5 orc wizards
  8 ogre zombies (D:10)
  8 mummies (Ossuary)
  A killer bee simulacrum (D:7)
  4 adders
  18 gnolls
  A shadow imp (D:5)
  4 white imps
  3 ufetubi
  2 worms (D:2)
  2 dart slugs
  34 orcs
  5 ball pythons
  7 endoplasms
  4 giant cockroaches
  7 goblins
  7 hobgoblins
  10 jackals (D:1)
  13 kobolds
  3 quokkas
  3 training dummies (D:7)
  5 bats
  A frilled lizard (D:3)
  4 goblin zombies (D:10)
  A hobgoblin skeleton (D:10)
  5 hobgoblin zombies
  A kobold zombie (Ossuary)
  4 orc skeletons (D:10)
  18 orc zombies
  6 rats
311 creatures vanquished.

Vanquished Creatures (others)
  4 fungi (D:5)
4 creatures vanquished.

Grand Total: 315 creatures vanquished

Notes
Turn   | Place    | Note
-------+----------+-------------------------------------------
     0 | D:1      | Borgoz the Gargoyle Berserker began the quest for the Orb.
     0 | D:1      | Reached XP level 1. HP: 14/14 MP: 1/1
     4 | D:1      | Noticed an electric eel
     5 | D:1      | Noticed an electric eel
   108 | D:1      | Reached XP level 2. HP: 19/19 MP: 2/2
   220 | D:1      | Found Xyxt's Armour Shoppe.
   235 | D:1      | Reached XP level 3. HP: 9/23 MP: 3/3
  1029 | D:2      | Reached ** piety under Trog
  1055 | D:2      | Noticed Jessica
  1065 | D:2      | Killed Jessica
  1066 | D:2      | Reached XP level 4. HP: 27/29 MP: 4/4
  1483 | D:3      | Found a sacrificial altar of Ru.
  1515 | D:3      | Found a blossoming altar of Fedhas.
  1883 | D:3      | Reached XP level 5. HP: 16/33 MP: 5/5
  2056 | D:4      | Noticed a phantom
  2068 | D:4      | Killed a phantom
  2112 | D:4      | Reached XP level 6. HP: 16/39 MP: 6/6
  2190 | D:4      | Found Ihuach's Armour Boutique.
  2268 | D:4      | Found an ornate altar of the Wu Jian Council.
  2406 | D:4      | Found a sand-covered staircase.
  2438 | Ossuary  | Entered an ossuary
  2472 | Ossuary  | Reached skill level 5 in Fighting
  2502 | Ossuary  | Reached XP level 7. HP: 8/44 MP: 7/7
  3141 | D:4      | Found Ximeas's Antique Weapon Boutique.
  3181 | D:5      | Entered Level 5 of the Dungeon
  3457 | D:5      | Reached *** piety under Trog
  3646 | D:5      | Found a runed translucent door.
  3648 | D:5      | Noticed Crazy Yiuf
  3654 | D:5      | Killed Crazy Yiuf
  3655 | D:5      | Reached skill level 1 in Shields
  3691 | D:5      | Noticed Pikel
  3714 | D:5      | Killed Pikel
  3715 | D:5      | Reached skill level 5 in Long Blades
  3715 | D:5      | Reached skill level 5 in Armour
  3715 | D:5      | Reached XP level 8. HP: 51/51 MP: 8/8
  4821 | D:5      | Reached XP level 9. HP: 53/56 MP: 9/9
  5679 | D:7      | Found a runed translucent gate.
  5679 | D:7      | Found a runed translucent gate.
  5699 | D:6      | Reached skill level 5 in Dodging
  5856 | D:7      | Found a runed translucent gate.
  5934 | D:7      | Noticed Thantalas's ghost (novice TrFi)
  6062 | D:7      | Found a staircase to the Ecumenical Temple.
  6076 | Temple   | Entered the Ecumenical Temple
  6076 | Temple   | Found a transporter.
  6076 | Temple   | Found a transporter.
  6118 | Temple   | Found a transporter.
  6118 | Temple   | Found a transporter.
  6343 | D:7      | Found Mophen's Firing Range.
  6765 | D:7      | Reached skill level 5 in Shields
  6766 | D:7      | Reached XP level 10. HP: 63/63 MP: 10/10
  6822 | D:7      | HP: 2/94 [Thantalas's ghost (24)]
  6829 | D:7      | Killed Thantalas's ghost
  6840 | D:7      | Got the ring of Jucug {Fire rCorr SInv Stlth-}
  6999 | D:1      | Bought the +0 pair of gloves "Vetwiur" {Harm rCorr Slay+2}
                  | for 255 gold pieces
  7087 | D:4      | Bought a +2 cloak of preservation for 279 gold pieces
  7268 | D:8      | Found a sparkling altar of Nemelex Xobeh.
  7459 | D:8      | Noticed a two-headed ogre
  7467 | D:8      | Killed a two-headed ogre
  7782 | D:8      | Found a shimmering blue altar of Sif Muna.
  7805 | D:8      | Found a bloodstained altar of Trog.
  8502 | D:9      | Noticed a two-headed ogre
  8511 | D:9      | Killed a two-headed ogre
  8961 | D:9      | Noticed a two-headed ogre
  8969 | D:9      | Killed a two-headed ogre
  8970 | D:9      | Reached XP level 11. HP: 69/69 MP: 11/11
  9739 | D:10     | Entered Level 10 of the Dungeon
  9739 | D:10     | Found an iron altar of Okawaru.
  9925 | D:9      | Reached **** piety under Trog
 10368 | D:10     | Found Zoamal's Overcharged Wands.
 10583 | D:10     | Found a staircase to the Orcish Mines.
 10643 | D:10     | Reached ***** piety under Trog
 11210 | D:11     | Noticed Lodul
 11239 | D:11     | Killed Lodul
 11305 | D:11     | Mangled by an ogre

Illustrated notes

Levels and vault maps discovered:
D:1:      arrival_aquarium_b, layout_loops_ring, serial_shops, shop,
          minmay_heptomino_h4
D:2:      layout_rooms, uniq_jessica
D:3:      layout_rooms, mainiacjoe_overflow_large_starburst
D:4:      layout_cave_pools, mainiacjoe_overflow_brackets, serial_shops,
          nicolae_shop_advertising_works [nicolae_subvault_shop_adworks], shop,
          lightli_ossuary_entry_decrepit_ruins
D:5:      layout_loops_ring, water_boxes_lemuel, uniq_crazy_yiuf_cottage,
          uniq_pikel
D:6:      layout_basic, roderic_cross_of_infinity
D:7:      layout_loops_ring, temple_statues, gammafunk_ghost_icy,
          nicolae_shop_firing_range
D:8:      layout_cave_pods, mainiacjoe_overflow_concentric_impassable,
          overflow_temple_1_default, tgw_sif, grunt_decor_arrowhead
D:9:      layout_gridville
D:10:     layout_roguey, okawaru_trees_2, zombieorc2_lemuel,
          nicolae_shop_overcharged_wands
D:11:     layout_roguey, minmay_lair_entry_grove, serial_shops,
          nicolae_lakefront_shop, uniq_erica, uniq_fannar, uniq_lodul,
          uniq_psyche
Temple:   hellmonk_temple_divided_pantheon

Skill      XL: |  1  2  3  4  5  6  7  8  9 10 11 |
---------------+----------------------------------+-----
Long Blades    | 3 4 5 7 8 9 |  9.9
Dodging        | 2 3 4 5 6 |  6.8
Fighting       | 4 5 6 7 8 9 |  9.3
Armour         | 3 4 5 6 7 8 9 |  9.1
Shields        | 2 3 5 6 7 |  7.6

Action                     |  1- 3 |  4- 6 |  7- 9 | 10-12 || total
---------------------------+-------+-------+-------+-------++-------
  Melee: Falchion          |   141 |   210 |   453 |       ||   804
         Punch             |       |     1 |       |       ||     1
         Long sword        |       |       |    91 |   362 ||   453
         Great sword       |       |       |       |   161 ||   161
 Invoke: Berserk           |     2 |     4 |    10 |     6 ||    22
         Trog's Hand       |       |     3 |     1 |     3 ||     7
         Brothers in Arms  |       |       |       |     1 ||     1
    Use: Scroll            |       |     9 |     7 |     7 ||    23
         Potion            |       |     4 |     3 |     5 ||    12
   Stab: Sleeping          |     1 |       |       |       ||     1
 Armour: Animal skin       |    65 |    47 |       |       ||   112
         Plate armour      |       |    96 |       |       ||    96
         Scale mail        |       |    17 |   179 |       ||   196
         Ring mail         |       |       |    80 |   228 ||   308
  Dodge: Dodged            |   142 |   130 |   298 |   407 ||   977
  Block: Kite shield       |       |    85 |   294 |   259 ||   638
